 Dungeon Crawl Stone Soup version 0.30-a0-222-ge547ba4400 (webtiles) character file.

Game seed: 7345609090262457222

17 qw the Shield-Bearer (level 2, 0/19 HPs)
             Began as a Gargoyle Fighter on Oct 8, 2022.
             Slain by Sigmund
             ... wielding a +0 scythe
              (8 damage)
             ... on level 2 of the Dungeon.
             The game lasted 00:00:20 (979 turns).

qw the Shield-Bearer (Gargoyle Fighter)              Turns: 979, Time: 00:00:21

Health: 0/19       AC:  9    Str: 19    XL:     2   Next: 62%
Magic:  2/2        EV:  9    Int:  8    God:
Gold:   66         SH:  0    Dex:  9    Spells: 1/1 levels left

rFire   . . .      SeeInvis .    Y - +0 war axe
rCold   . . .      Faith    .    c - +0 buckler
rNeg    + . .      Spirit   .    b - +0 scale mail
rPois   inf        Reflect  .    (no helmet)
rElec   +          Harm     .    (no cloak)
rCorr   .          Rampage  .    (no gloves)
Will    .....                    (no boots)
Stlth   ..........               (no amulet)
HPRegen 0.23/turn                (no ring)
MPRegen 0.08/turn                (no ring)

@: confused
A: sickness immunity, AC +2, negative energy resistance 1, electricity
resistance, torment resistance 1, petrification resistance
a: no special abilities


You were on level 2 of the Dungeon.
You visited 1 branch of the dungeon, and saw 2 of its levels.

You collected 66 gold pieces.


Innate Abilities, Weirdness & Mutations

You are immune to sickness and miasma.
Your stone body is resilient. (AC +2)
You are immune to poison.
You resist negative energy. (rN+)
You are resistant to electric shocks. (rElec)
You are resistant to unholy torment.
You are immune to petrification.


   Skills:
 - Level 3.2 Fighting
 + Level 2.8 Axes
 - Level 3.2 Armour
 - Level 3.2 Shields


You had one spell level left.
You didn't know any spells.
Your spell library was empty.

Inventory:

Hand Weapons
 g - a +0 club
 Y - a +0 war axe (weapon)
Armour
 b - a +0 scale mail (worn)
 c - a +0 buckler (worn)
 f - a +0 chain mail
Scrolls
 i - a scroll of identify
 j - 4 scrolls of teleportation
 k - a scroll of vulnerability {unknown}
Potions
 a - 2 potions of flight {unknown}
 d - a potion of might
 e - 2 potions of cancellation
 h - a potion of lignification {unknown}
 m - a potion of mutation {unknown}
 o - a potion of haste {unknown}

Dungeon Overview and Level Annotations

Branches:
Dungeon (2/15)

Altars:
Zin

Annotations:
D:2 Sigmund


Message History

Sigmund breathes a few words.
Sigmund's hands start flickering wildly.
Sigmund points at you and mumbles some strange words.
You resist with significant effort.
You barely miss Sigmund.
Sigmund is severely wounded.
Sigmund casts a spell at you. You resist with significant effort.
Sigmund gestures wildly while chanting.
Sigmund flickers and vanishes!
Deactivating autopickup; reactivate with Ctrl-A.
You miss something. Something hits you but does no damage.
You hit something but do no damage. Something hits you but does no damage.
You miss something. Something hits you but does no damage.
You closely miss something. Something hits you but does no damage.
You closely miss something. Something hits you but does no damage.
You barely miss something.
You hear some strange, mumbled words.
You are confused.
You're too confused to attack without stumbling around!
There is a strange disturbance nearby!
Something hits you but does no damage.
You're too confused to attack without stumbling around!
There is a strange disturbance nearby!
You're too confused to attack without stumbling around!
There is a strange disturbance nearby!
Something hits you.
You're too confused to attack without stumbling around!
There is a strange disturbance nearby!
You hear some strange, mumbled words.
You are more confused.
You're too confused to attack without stumbling around!
There is a strange disturbance nearby!
Something hits you!
You die...

#.# #.###. ..# #.. .# ###
#.# . # ... # # ##
######### #.##. .........
... .######## #{## # .#
##########@#.#.# .###
#.............# ...#
#.############# .#.# #.#
### .#.#
#.###############.## .#.#
#..................# .#.#
#################.## .#.#
############.##.#
.#.######.....>...#...#.#


There were no monsters in sight!

Vanquished Creatures
  A dart slug (D:1)
  2 bats
  4 endoplasms (D:2)
  A hobgoblin (D:2)
  3 kobolds (D:1)
  A ball python (D:2)
  2 rats
14 creatures vanquished.

Notes
Turn   | Place    | Note
-------+----------+-------------------------------------------
     0 | D:1      | qw the Gargoyle Fighter began the quest for the Orb.
     0 | D:1      | Reached XP level 1. HP: 14/14 MP: 1/1
     0 | D:1      | 0 ||| qw: Version: 0.2-a-17-g06abaee
     0 | D:1      | 0 ||| qw: Game counter: 2025
     0 | D:1      | 0 ||| qw: Always use a shield: true
     0 | D:1      | 0 ||| qw: God list: Okawaru
     0 | D:1      | 0 ||| qw: Allow faded altars: false
     0 | D:1      | 0 ||| qw: Do Orc after D:15 true
     0 | D:1      | 0 ||| qw: Do second Lair branch before Depths: true
     0 | D:1      | 0 ||| qw: Lair rune preference: random
     0 | D:1      | 0 ||| qw: Plans: Normal, Zot:1-4, God:TSO, Crypt, Tomb,
                  | Pan, Slime:5, Hells, Abyss, Orb
     0 | D:1      | 0 ||| PLANNING D:1-11
   130 | D:1      | 130 ||| Stepping ~*~*~tactically~*~*~ (hiding).
   131 | D:1      | 131 ||| Stepping ~*~*~tactically~*~*~ (hiding).
   203 | D:1      | Reached XP level 2. HP: 19/19 MP: 2/2
   503 | D:1      | 503 ||| DROPPING ring of magical power.
   504 | D:1      | 504 ||| READING scroll labelled AGEUWI ADIUTE.
   505 | D:1      | 505 ||| READING scroll labelled SITONY AGYHIKH.
   506 | D:1      | 506 ||| READING 2 scrolls labelled YVO RIOFAANT.
   507 | D:1      | 507 ||| READING 5 scrolls labelled LOUMUA SAURA.
   511 | D:1      | 511 ||| READING scroll labelled ILLOUS ICZE.
   512 | D:1      | 512 ||| READING scroll labelled PURYF YRAAL.
   513 | D:1      | 513 ||| DRINKING 3 yellow potions.
   514 | D:1      | 514 ||| DRINKING 3 puce potions.
   515 | D:1      | 515 ||| DROPPING 2 potions of brilliance.
   528 | D:2      | Found a glowing silver altar of Zin.
   624 | D:2      | 624 ||| Stepping ~*~*~tactically~*~*~ (stealth).
   626 | D:2      | 626 ||| Stepping ~*~*~tactically~*~*~ (stealth).
   649 | D:2      | 649 ||| FLEEEEING.
   650 | D:2      | 650 ||| FLEEEEING.
   651 | D:2      | 651 ||| FLEEEEING.
   652 | D:2      | 652 ||| FLEEEEING.
   653 | D:2      | 653 ||| FLEEEEING.
   654 | D:2      | 654 ||| FLEEEEING.
   655 | D:2      | 655 ||| FLEEEEING.
   656 | D:2      | 656 ||| FLEEEEING.
   955 | D:2      | Noticed Sigmund
   979 | D:2      | Slain by Sigmund

Levels and vault maps discovered:
D:1:      lordsloth_arrival_two_stooges, layout_basic, serial_park_tiny_pond,
          minmay_misc_feat_tiny, minivault_25, minmay_misc_feat_hallway
D:2:      layout_loops_ring, basic_altar, uniq_sigmund

Skill      XL: |  1 |
---------------+----+-----
Axes           | 2 |  2.8
Fighting       | |  3.2
Armour         | |  3.2
Shields        | |  3.2

Action                   || total
-------------------------++-------
Melee: War axe           ||    46
  Use: Scroll            ||     6
       Potion            ||     2
Armor: Scale mail        ||    17
Dodge: Dodged            ||    14
Block: Buckler           ||     3

Table legend:
 A = Non-vault XP
 B = Vault XP
 C = Vault XP percentage of total XP
 D = Non-vault monster count
 E = Vault monster count
 F = Vault count percentage of total count
                 A         B        C        D         E       F
            +---------+---------+-------+---------+---------+-------
      Total |      25 |       0 |   0.0 |      14 |       0 |   0.0
            +---------+---------+-------+---------+---------+-------
        D:1 |      12 |       0 |   0.0 |       6 |       0 |   0.0
        D:2 |      13 |       0 |   0.0 |       8 |       0 |   0.0
            +---------+---------+-------+---------+---------+-------
